 Dungeon Crawl Stone Soup version 0.30-a0-879-ga8ba668304 (webtiles) character file.

Game seed: 5206707147208536283

28 domi the Conjurer (level 3, -1/24 HPs)
             Began as a Demonspawn Conjurer on Mar 13, 2023.
             Slain by a gnoll
             ... wielding a +0 whip
              (5 damage)
             ... on level 1 of the Dungeon.
             The game lasted 00:01:26 (1405 turns).

domi the Conjurer (Demonspawn Conjurer)             Turns: 1405, Time: 00:01:26

Health: -1/24      AC:  2    Str:  7    XL:     3   Next: 0%
Magic:  6/6        EV: 12    Int: 21    God:
Gold:   49         SH:  0    Dex: 11    Spells: 5/6 levels left

rFire   . . .      SeeInvis .    (no weapon)
rCold   . . .      Faith    .    (no shield)
rNeg    . . .      Spirit   .    a - +0 robe
rPois   .          Reflect  .    (no helmet)
rElec   .          Rampage  .    (no cloak)
rCorr   .                        (no gloves)
Will    .....                    (no boots)
Stlth   ++                       (no amulet)
HPRegen 0.24/turn                (no ring)
MPRegen 0.10/turn                (no ring)

@: no status effects
A: powered by death 1
a: no special abilities


You were on level 1 of the Dungeon.
You visited 1 branch of the dungeon, and saw 2 of its levels.

You collected 49 gold pieces.

Inventory:

Missiles
 g - 4 javelins (quivered)
Armour
 a - a +0 robe (worn)
Scrolls
 d - a scroll of brand weapon {unknown}
 e - a scroll of blinking
 f - a scroll of amnesia {unknown}
Potions
 b - a potion of magic


   Skills:
 - Level 1.7 Dodging
 - Level 1.7 Stealth
 - Level 2.0 Spellcasting
 + Level 5.0 Conjurations


You had 5 spell levels left.
You knew the following spells:

 Your Spells              Type           Power      Damage    Failure   Level
z - Magic Dart            Conj           92%        1d7       1%          1

Your spell library contained the following spells:

 Spells                   Type           Power      Damage    Failure   Level
 Searing Ray              Conj           46%        2d6       2%          2
 Dazzling Flash           Conj/Hex       24%        N/A       16%         3
 Fulminant Prism          Conj/Hex       6%         3d7       45%         4
 Iskenderun's Mystic Bla  Conj/Tloc      12%        2d5       45%         4


Dungeon Overview and Level Annotations

Branches:
Dungeon (2/15)

Altars:

Annotations:
D:2 Robin


Innate Abilities, Weirdness & Mutations

You regenerate a little health from kills.


Message History

Done exploring.
Done exploring.
Done exploring.
You see here 4 javelins.
g - 4 javelins Done exploring.
Done exploring.
Done exploring.
Done exploring.
(D) Dungeon
Where to? (Enter - D:1 @ (x,y), ? - help)
There is a stone staircase leading down here.
You climb downwards.
There is a stone staircase leading up here.
A kobold comes into view. It is wielding a +0 short sword.
Things that are here:
3 stones; a +4 mace A kobold is nearby!
A kobold is nearby!
Aim: a kobold, wielding a +0 short sword (asleep, 100% to hit)
The magic dart hits the kobold.
You kill the kobold!
You can't see any susceptible monsters within range! (Use Z to cast anyway.)
You can't see any susceptible monsters within range! (Use Z to cast anyway.)
A dart slug comes into view.
A dart slug is nearby!
A dart slug is nearby!
Aim: a dart slug (asleep, 100% to hit)
The magic dart hits the dart slug.
The dart slug launches a dart at you. The slug dart misses you.
Aim: a dart slug (moderately wounded, 100% to hit)
The magic dart hits the dart slug.
Aim: a dart slug (almost dead, 100% to hit)
The magic dart hits the dart slug.
You kill the dart slug!
h - a scroll labelled ERPHIY ZURUO 2 goblins come into view.
Found 5 stones.
Found a stone staircase leading up.
There are monsters nearby!
Aim: a goblin, wielding a +0 dagger (asleep, 100% to hit)
The magic dart hits the goblin.
You kill the goblin!
Your Conjurations skill increases to level 5!
Aim: a goblin, wielding a +0 dagger (wandering, hasn't noticed you, 100% to hit)
The magic dart hits the goblin.
The goblin shouts!
You hear a shout!
A kobold comes into view. It is wielding a +0 short sword.
A bat comes into view.
A goblin comes into view. It is wielding a +0 dagger.
Aim: a goblin, wielding a +0 dagger (severely wounded, 100% to hit)
The magic dart hits the goblin.
You kill the goblin!
The goblin shouts!
The kobold shouts!
You hear a shout!
A hobgoblin comes into view.
Robin of the Strong Arm comes into view.
They are wielding a +0 whip.
You have reached level 3!
Your experience leads to an increase in your attributes!
Increase (s)trength, (i)ntelligence, or (d)exterity?
You feel clever. x2
The bat barely misses you. x2
The bat barely misses you. The bat closely misses you.
The bat hits you but does no damage.
There is a stone staircase leading up here.
The bat hits you.
You climb upwards.
There is a stone staircase leading down here.
There is a stone staircase leading down here.
There is a stone staircase leading down here.
You climb downwards.
Level annotation: Robin The goblin shouts!
The gnoll shouts! x4
The endoplasm quivers.
You hear a shout!
There is a stone staircase leading up here.
There are monsters nearby!
There are monsters nearby!
The gnoll hits you with a +0 whip. The gnoll barely misses you.
The gnoll hits you from afar with a +0 spear.
You climb upwards.
There is a stone staircase leading down here.
The gnoll hits you with a +0 whip. The gnoll attacks as you move away!
The gnoll barely misses you. The gnoll attacks as you move away!
The gnoll closely misses you. The gnoll attacks as you move away!
The gnoll hits you with a +0 whip!
* * * LOW HITPOINT WARNING * * *
The gnoll attacks as you move away! The gnoll closely misses you.
It was a potion of curing.
You feel better. The gnoll hits you with a +0 whip!
* * * LOW HITPOINT WARNING * * *
Okay, then.
You don't know that spell.
You aren't carrying any items that you can evoke.
Unknown command.
Okay, then.
As you read the scroll labelled ERPHIY ZURUO, it crumbles to dust.
It is a scroll of identify.
e - a scroll of blinking The gnoll hits you with a +0 whip.
You die...

......#..........#
.####.#.########.#
.#.<#.#.# #.#
....#.#.### #.#
#####.#...## #.#
......#.#..# #.#
#####...##.### #.#
#####...##...# #.#
.........###.# #@#
##.......###.###g######
#######....>g.#g.....#
#######.#.##.#.####
#..............#
#.#.#.#.#.#.#..#
#..............#
##.#.#.#.#.#.#.#
#...........#.#


You could see 2 gnolls.

Vanquished Creatures
  3 dart slugs
  A bat (D:1)
  A giant cockroach (D:1)
  4 goblins
  A hobgoblin (D:1)
  5 kobolds
  2 ball pythons (D:1)
  3 frilled lizards (D:1)
  2 rats (D:1)
22 creatures vanquished.

Vanquished Creatures (others)
  2 plants (D:2)
2 creatures vanquished.

Grand Total: 24 creatures vanquished

Notes
Turn   | Place    | Note
-------+----------+-------------------------------------------
     0 | D:1      | domi the Demonspawn Conjurer began the quest for the Orb.
     0 | D:1      | Reached XP level 1. HP: 13/13 MP: 3/3
   373 | D:1      | Gained mutation: You regenerate a little health from kills.
                  | [demonic ancestry]
   373 | D:1      | Reached XP level 2. HP: 19/19 MP: 0/5
  1304 | D:2      | Reached skill level 5 in Conjurations
  1305 | D:2      | Noticed Robin
  1306 | D:2      | Reached XP level 3. HP: 24/24 MP: 2/6
  1401 | D:1      | HP: 3/24 [gnoll/+0 whip (7)]
  1405 | D:1      | Slain by a gnoll

Illustrated notes

Levels and vault maps discovered:
D:1:      zelgadis_glass_arrival_small, layout_basic, minmay_misc_feat_pillars
D:2:      minmay_angry_zag, layout_rooms,
          hellmonk_ecumenical_altar_leap_of_faith, serial_bayou_pond_b,
          minmay_tree_intersection, uniq_robin

Skill      XL: |  1  2 |
---------------+-------+-----
Conjurations   | 5 |  5.0
Dodging        | |  1.7
Stealth        | |  1.7
Spellcasting   | |  2.0

Action                     || total
---------------------------++-------
  Melee: Unarmed           ||    31
   Cast: Magic Dart        ||    41
    Use: Scroll            ||     1
         Potion            ||     1
 Armour: Robe              ||     5
  Dodge: Dodged            ||    32

Table legend: (Time is in decaauts)
 A = Elapsed time spent in this place.
 B = Non-inter-level travel time spent in this place.
 C = Inter-level travel time spent in this place.
 D = Time resting spent in this place.
 E = Time spent auto-exploring this place.
 F = Levels seen in this place.
 G = Mean time per level.
                   A        B        C        D        E       F      G
               +--------+--------+--------+--------+--------+-----+--------+
         Total |   1405 |   1296 |    109 |     34 |   1121 |   2 |  702.5 |
       Dungeon |   1405 |   1296 |    109 |     34 |   1121 |   2 |  702.5 |
               +--------+--------+--------+--------+--------+-----+--------+

Top non-repeatable levels by time:
     D:1: 1308 daAuts
     D:2: 97 daAuts

Table legend:
 A = Kills in this place as a percentage of kills in the entire game.
 B = Kills by you in this place as a percentage of kills by you in the entire game.
 C = Kills by friends in this place as a percentage of kills by friends in the entire game.
 D = Other kills in this place as a percentage of other kills in the entire game.
 E = Experience gained in this place as a percentage of experience gained in the entire game.
 F = Experience gained in this place divided by the number of levels of this place that you have seen.
                   A       B       C       D       E      F
               +-------+-------+-------+-------+-------+----------------------
         Total | 100.0 | 100.0 |   N/A |   N/A | 100.0 |  20.5
       Dungeon | 100.0 | 100.0 |   N/A |   N/A | 100.0 |  20.5
               +-------+-------+-------+-------+-------+----------------------
